 Dungeon Crawl Stone Soup version 0.30-a0-377-g5cb311bc9f (webtiles) character file.

Game seed: 616266347114416570

263 tio the Grave Robber (level 5, -1/36 HPs)
             Began as a Demonspawn Necromancer on Nov 29, 2022.
             Was an Initiate of Yredelemnul.
             Slain by KennySheep's ghost (3 damage)
             ... on level 3 of the Dungeon.
             The game lasted 00:27:58 (1617 turns).

tio the Grave Robber (Demonspawn Necromancer)       Turns: 1617, Time: 00:28:01

Health: -1/36      AC:  2    Str:  8    XL:     5   Next: 98%
Magic:  10/11      EV: 12    Int: 25    God:    Yredelemnul [......]
Gold:   70         SH:  5    Dex: 13    Spells: 11/12 levels left

rFire   . . .      SeeInvis +    e - +3 long sword (drain)
rCold   . . .      Faith    .    (no shield)
rNeg    . . .      Spirit   .    a - +0 robe
rPois   .          Reflect  +    (helmet restricted)
rElec   .          Harm     .    (no cloak)
rCorr   .          Rampage  .    (no gloves)
Will    .....      Clarity  +    (no boots)
Stlth   ++........               i - amulet of reflection
HPRegen 0.26/turn                h - +6 ring of intelligence
MPRegen 0.24/turn                (no ring)

@: attractive
A: hooves 1, horns 1, magic regeneration, demonic touch 1, see invisible,
clarity, inability to drink after injury 1
a: Renounce Religion, Recall Undead Harvest


You were on level 3 of the Dungeon.
You worshipped Yredelemnul.
Yredelemnul was noncommittal.
You visited 1 branch of the dungeon, and saw 3 of its levels.

You collected 70 gold pieces.

Inventory:

Hand Weapons
 e - a +3 long sword of draining (weapon)
 f - a +0 scythe
Missiles
 d - 2 datura-tipped darts
 o - a boomerang
Armour
 a - a +0 robe (worn)
Jewellery
 c - an amulet of regeneration
 h - a +6 ring of intelligence (left hand)
 i - an amulet of reflection (around neck)
Scrolls
 l - 2 scrolls of enchant weapon
Potions
 b - a potion of magic
 m - 2 potions of flight


   Skills:
 + Level 0.6 Fighting
 + Level 1.1 Long Blades
 + Level 2.0 Dodging
 + Level 1.9 Stealth
 + Level 4.0 Spellcasting
 + Level 6.1 Necromancy


You had 11 spell levels left.
You knew the following spells:

 Your Spells              Type           Power      Damage    Failure   Level
a - Necrotise             Necr           100%       1d9       1%          1

Your spell library contained the following spells:

 Spells                   Type           Power      Damage    Failure   Level
 Vampiric Draining        Necr           35%        2d8       2%          3
 Agony                    Necr           35%        N/A       21%         5
 Animate Dead             Necr           Unusable   N/A       N/A         4

Dungeon Overview and Level Annotations

Branches:
Dungeon (3/15)

Altars:
Gozag
Uskayaw
Yredelemnul

Annotations:
D:3 KennySheep's ghost, amateur DjCj


Innate Abilities, Weirdness & Mutations

You have large cloven feet.
You have a pair of small horns on your head.
You regenerate magic rapidly.
Your touch may inflict minor irresistible damage on your foes.
You have supernaturally acute eyesight. (SInv)
You possess an exceptional clarity of mind.
You occasionally lose the ability to drink potions when taking damage.


Message History

The gnoll bouda hits you with a +0 club.
* * * LOW HITPOINT WARNING * * *
Your kobold zombie closely misses KennySheep's ghost.
The ball python bites your kobold zombie.
The ball python constricts your kobold zombie.
As you read the scroll labelled SUFUAJIUDI, it crumbles to dust.
It is a scroll of identify.
m - 2 potions of flight The gnoll bouda hits you with a +0 club.
* * * LOW HITPOINT WARNING * * *
KennySheep's ghost hits you but does no damage.
Your kobold zombie barely misses the ball python.
The ball python bites your kobold zombie.
Your kobold zombie is destroyed!
It was a potion of attraction.
You feel attractive to monsters. KennySheep's ghost misses you.
The gnoll bouda completely misses you.
It was a potion of mutation.
You feel extremely strange.
Your thoughts seem clearer.
You occasionally lose the ability to drink potions when taking damage.
Your vision sharpens.
KennySheep's ghost hits you.
* * * LOW HITPOINT WARNING * * *
You block the gnoll bouda's attack. You block the ball python's attack.
The ball python grabs you. The ball python constricts you.
It was a potion of curing.
You feel better.
The ball python bites you but does no damage.
The ball python constricts you.
* * * LOW HITPOINT WARNING * * *
KennySheep's ghost hits you.
* * * LOW HITPOINT WARNING * * *
The gnoll bouda hits you with a +0 club.
* * * LOW HITPOINT WARNING * * *
You escape the ball python's grasp.
The ball python attacks as you move away!
The ball python closely misses you. The ball python misses you.
KennySheep's ghost attacks as you move away!
KennySheep's ghost hits you.
You die...
Your body rises from the dead as a mindless zombie.

#....[.........# #.####.#
#........Z.....# #.#<...#
#..#########...# #>#....#
#..#.......#..## ##.#....###
#..#...#...#..####.........###
#..#..#.#..'....>#............
#..#.=.....'JK##.#..Z......##
......#.$#.#..'gW##..<(#...####
####..#...#...#S@##.####...#
...#.......#........#...#
....#########...........####
###..............####.#.......
# #......................#####
. ....... ...............# #..#
##...######.#.## ## #..# #..#
#.#.# ...###..# #.# #.#.#


You could see a gnoll bouda, KennySheep's ghost, an endoplasm, a ball python and
a kobold.

Vanquished Creatures
  Sigmund (D:2)
  An orc priest (D:3)
  2 adders (D:2)
  2 worms
  2 dart slugs
  6 orcs (D:3)
  3 ball pythons
  4 endoplasms
  2 giant cockroaches (D:2)
  A goblin (D:2)
  A hobgoblin (D:1)
  A quokka (D:1)
  5 bats
  A frilled lizard (D:2)
  6 kobolds
  4 rats
42 creatures vanquished.

Vanquished Creatures (collateral kills)
  A dart slug (D:3)
  A rat (D:2)
2 creatures vanquished.

Vanquished Creatures (others)
  A kobold zombie (D:3)
  An orc zombie (D:3)
  5 plants (D:2)
7 creatures vanquished.

Grand Total: 51 creatures vanquished

Notes
Turn   | Place    | Note
-------+----------+-------------------------------------------
     0 | D:1      | tio the Demonspawn Necromancer began the quest for the Orb.
     0 | D:1      | Reached XP level 1. HP: 13/13 MP: 3/3
   509 | D:2      | Gained mutation: You regenerate magic rapidly. [demonic
                  | ancestry]
   509 | D:2      | Reached XP level 2. HP: 19/19 MP: 3/5
   627 | D:2      | Noticed Sigmund
   847 | D:2      | Discovered your monstrous ancestry.
   847 | D:2      | Gained mutation: Your touch may inflict minor irresistible
                  | damage on your foes. [demonic ancestry]
   847 | D:2      | Reached XP level 3. HP: 24/24 MP: 2/7
   862 | D:2      | Killed Sigmund
   863 | D:2      | Reached skill level 1 in Long Blades
   863 | D:2      | Reached skill level 5 in Necromancy
   863 | D:2      | Gained mutation: You have a pair of small horns on your
                  | head. [demonic ancestry]
   863 | D:2      | Reached XP level 4. HP: 31/31 MP: 4/9
   863 | D:2      | Gained mutation: You have large cloven feet. [demonic
                  | ancestry]
   863 | D:2      | Reached XP level 5. HP: 36/36 MP: 4/10
   934 | D:2      | Found a faded altar of an unknown god.
   939 | D:2      | Prayed at the altar of an unknown god.
   939 | D:2      | Became a worshipper of Uskayaw the Reveller
   939 | D:2      | Reached * piety under Uskayaw
  1273 | D:3      | Found an opulent altar of Gozag.
  1332 | D:3      | Reached ** piety under Uskayaw
  1335 | D:3      | Reached skill level 6 in Necromancy
  1368 | D:3      | Found a basalt altar of Yredelemnul.
  1387 | D:3      | Fell from the grace of Uskayaw
  1387 | D:3      | Became a worshipper of Yredelemnul the Dark
  1548 | D:3      | Found a runed translucent gate.
  1560 | D:3      | Found a runed translucent gate.
  1561 | D:3      | Found a runed translucent gate.
  1561 | D:3      | Noticed KennySheep's ghost (amateur DjCj)
  1615 | D:3      | Gained mutation: You possess an exceptional clarity of
                  | mind. [potion of mutation]
  1615 | D:3      | Gained mutation: You occasionally lose the ability to drink
                  | potions when taking damage. [potion of mutation]
  1615 | D:3      | Gained mutation: You have supernaturally acute eyesight.
                  | (SInv) [potion of mutation]
  1615 | D:3      | HP: 1/36 [KennySheep's ghost (2)]
  1617 | D:3      | Slain by KennySheep's ghost

Illustrated notes

Levels and vault maps discovered:
D:1:      giann_wishing_wells, layout_rooms
D:2:      layout_rooms, chequers_ecumenical_altar_lobes, uniq_sigmund
D:3:      layout_loops_ring, mainiacjoe_overflow_six_doors_small,
          lemuel_tele_altar, gammafunk_ghost_split, grunt_ministairs_2

Skill      XL: |  1  2  3  4  5 |
---------------+----------------+-----
Long Blades    | 1 |  1.1
Dodging        | 2 |  2.0
Spellcasting   | 3 4 |  4.0
Necromancy     | 5 6 |  6.1
Fighting       | |  0.6
Stealth        | |  1.9

Action                   |  1- 3 |  4- 6 || total
-------------------------+-------+-------++-------
Melee: Long sword        |    13 |    11 ||    24
       Kick              |       |     6 ||     6
       Headbutt          |       |     4 ||     4
       Touch             |       |     2 ||     2
 Cast: Necrotise         |    46 |    38 ||    84
Invok: Recall Undead Har |       |     3 ||     3
       Stomp             |       |     2 ||     2
  Use: Scroll            |     2 |     2 ||     4
       Potion            |       |     3 ||     3
Armor: Robe              |    14 |     5 ||    19
Dodge: Dodged            |    31 |    20 ||    51
Block: Other             |       |     6 ||     6
       Reflection        |       |     1 ||     1

Table legend: (Time is in decaauts)
 A = Elapsed time spent in this place.
 B = Non-inter-level travel time spent in this place.
 C = Inter-level travel time spent in this place.
 D = Time resting spent in this place.
 E = Time spent auto-exploring this place.
 F = Levels seen in this place.
 G = Mean time per level.
                   A        B        C        D        E       F      G
               +--------+--------+--------+--------+--------+-----+--------+
         Total |   1625 |   1209 |    416 |      0 |    813 |   3 |  541.7 |
       Dungeon |   1625 |   1209 |    416 |      0 |    813 |   3 |  541.7 |
               +--------+--------+--------+--------+--------+-----+--------+

Top non-repeatable levels by time:
     D:2: 674 daAuts
     D:1: 543 daAuts
     D:3: 406 daAuts
